 Dungeon Crawl Stone Soup version 0.21.1-1-g345015fe64 (webtiles) character file.

6520 imnir the Cleaver (level 10, -1/90 HPs)
             Began as a Minotaur Fighter on June 25, 2018.
             Succumbed to Josephine's poison
             ... on level 11 of the Dungeon.
             The game lasted 00:47:41 (6863 turns).

imnir the Cleaver (Minotaur Fighter)                Turns: 6863, Time: 00:47:42

Health: -1/90      AC: 15    Str: 24    XL:     10   Next: 69%
Magic:  18/18      EV:  8    Int:  5    God:
Gold:   378        SH:  0    Dex: 10    Spells: 9/9 levels left

rFire    . . .     SeeInvis .   J - +0 battleaxe
rCold    . . .     Gourm    .   (shield currently unavailable)
rNeg     . . .     Faith    .   C - +0 plate armour
rPois    .         Spirit   .   (helmet restricted)
rElec    .         Reflect  .   (no cloak)
rCorr    .         Harm     +   y - +0 pair of gloves
MR       .....                  (no boots)
Stlth    ..........             i - amulet of harm
HPRegen  0.25/turn              l - ring of magical power
MPRegen  0.16/turn              (no ring)

@: lethally poisoned (-1 -> -11), slowed, very slow
A: retaliatory headbutt, horns 2
a: no special abilities


You were on level 11 of the Dungeon.
You were not hungry.

You visited 1 branch of the dungeon, and saw 9 of its levels.
You also visited: Sewer.

You collected 378 gold pieces.

Inventory:

Hand Weapons
 J - a +0 battleaxe (weapon)
 K - a cursed +3 war axe
 L - a +1 morningstar of protection
Missiles
 e - 205 stones (quivered)
Armour
 c - a +0 shield
 y - a +0 pair of gloves (worn)
 C - a +0 plate armour (worn)
Jewellery
 g - a +3 ring of protection {unknown}
 i - an amulet of harm (around neck)
 l - a ring of magical power (left hand)
 F - an uncursed amulet of magic regeneration {unknown}
Wands
 a - a wand of clouds (7)
 u - a wand of iceblast (6)
 A - a wand of enslavement (11)
 G - a wand of disintegration (19)
 H - a wand of flame (49)
Scrolls
 h - 2 scrolls of immolation {unknown}
 j - 2 scrolls of enchant weapon {unknown}
 m - a scroll of fear {unknown}
 n - 9 scrolls of identify {unknown}
 o - 2 scrolls of teleportation {unknown}
 p - a scroll of blinking {unknown}
 w - 4 scrolls of remove curse {unknown}
 B - a scroll of fog {unknown}
 D - a scroll of enchant armour {unknown}
 I - a scroll of magic mapping {unknown}
Potions
 d - a potion of might
 k - 2 potions of cancellation {unknown}
 q - a potion of invisibility {unknown}
 r - 2 potions of magic {unknown}
 s - a potion of curing {unknown}
 t - a potion of brilliance {unknown}
 v - 3 potions of mutation {unknown}
 x - a potion of heal wounds {unknown}
 z - 2 potions of resistance {unknown}
Books
 E - a book of Misfortune

   Spells                             Type                      Level
   a - Confusing Touch                Hexes                        1
   b - Confuse                        Hexes                        3
   c - Gell's Gravitas                Translocation                3
   d - Petrify                        Transmutation/Earth          4
   e - Metabolic Englaciation         Hexes/Ice                    5
   f - Yara's Violent Unravelling     Hexes/Transmutation          5
Comestibles
 f - 12 rations


   Skills:
 + Level 8.5 Fighting
 + Level 13.0 Axes
 + Level 10.0 Armour
 + Level 3.4 Dodging
 + Level 1.8 Stealth
 + Level 7.1 Shields


You had 9 spell levels left.
You didn't know any spells.

Dungeon Overview and Level Annotations

Branches:
Dungeon (8/15)             Temple (0/1) D:6
   Lair: D:8-11

Altars:
Elyvilon
Gozag
Makhleb
Nemelex Xobeh
Ru
Sif Muna
Vehumet
Zin

Shops:
D:7 ?


Innate Abilities, Weirdness & Mutations

You reflexively headbutt those who attack you in melee.
You have a pair of horns on your head.


Message History

The wraith hits you!
* * * LOW HITPOINT WARNING * * *
The wraith drains your vigour!
You feel as though you will be slow longer.
You slash Josephine!
You kill Josephine!
Your life force feels restored.
Your Axes skill increases to level 13!
Your Armour skill increases to level 10!
You closely miss the wraith. x2
* * * LOW HITPOINT WARNING * * *
You feel sick. The wraith hits you.
* * * LOW HITPOINT WARNING * * *
The wraith drains your vigour!
You feel as though you will be slow longer.
The wraith hits you but does no damage.
You hit the wraith.
The wraith is lightly damaged.
You barely miss the wraith.
You die...

## ...
.... ....[
......####
......W@.#
+###..W.)#
#.....#
#.....#
#.....#
#.....#
......#
######.#


You could see 2 wraiths.

Vanquished Creatures
  Josephine (D:11)
  Erica (D:8)
  The ghost of DildoBatman the Covert, a novice OpWz of Sif Muna (D:8)
  The ghost of Auri666 the Chopper, a novice GrBe of Trog (D:5)
  A hippogriff (D:8)
  The ghost of Evaline the Gusty, an amateur TeAE (D:4)
  6 yaks (D:6)
  3 wraiths (D:11)
  Purgy (Sewer)
  An orc warrior (D:7)
  A sky beast (D:6)
  An ogre (D:8)
  3 centaurs
  2 big kobolds
  2 bullfrogs
  A water moccasin zombie (D:5)
  3 scorpions
  A water moccasin skeleton (D:5)
  2 killer bees (D:7)
  9 wights (D:7)
  7 crimson imps
  2 howler monkeys
  A centaur zombie (D:5)
  An orc priest (D:5)
  5 hounds
  A centaur skeleton (D:7)
  A jelly (D:8)
  A bullfrog skeleton (D:8)
  2 iguanas (D:5)
  2 worker ants
  4 orc wizards
  Ijyb (D:3)
  7 adders
  A river rat (D:3)
  A howler monkey skeleton (D:6)
  3 shadow imps
  3 worms
  A dart slug (D:3)
  3 leopard geckos
  20 orcs
  4 bats
  5 giant cockroaches
  5 goblins (D:2)
  3 hobgoblins (D:1)
  7 jackals
  5 quokkas
  2 ball pythons
  3 frilled lizards
  16 kobolds
  A leopard gecko skeleton (D:4)
  A leopard gecko zombie (D:6)
  A quokka skeleton (D:4)
  9 rats
  2 plants
173 creatures vanquished.

Vanquished Creatures (others)
  A killer bee (D:8)
1 creature vanquished.

Grand Total: 174 creatures vanquished

Notes
Turn   | Place    | Note
-------+----------+-------------------------------------------
     0 | D:1      | imnir the Minotaur Fighter began the quest for the Orb.
     0 | D:1      | Reached XP level 1. HP: 19/19 MP: 0/0
   186 | D:1      | Reached XP level 2. HP: 27/27 MP: 1/1
   442 | D:1      | You fall through a shaft!
   653 | D:2      | Reached XP level 3. HP: 33/33 MP: 2/2
   686 | D:2      | Reached skill level 3 in Axes
   916 | D:2      | Reached XP level 4. HP: 28/40 MP: 3/3
  1316 | D:3      | Found a glowing drain.
  1320 | Sewer    | Entered a sewer
  1370 | Sewer    | Noticed Purgy
  1380 | Sewer    | Killed Purgy
  1380 | Sewer    | Reached skill level 4 in Axes
  1380 | Sewer    | Reached XP level 5. HP: 34/47 MP: 4/4
  1563 | D:3      | Found a glowing silver altar of Zin.
  1565 | D:3      | Reached skill level 5 in Armour
  1567 | D:3      | Found a sparkling altar of Nemelex Xobeh.
  1572 | D:3      | Found a sacrificial altar of Ru.
  1639 | D:3      | Reached skill level 1 in Dodging
  1719 | D:3      | Reached skill level 5 in Axes
  1819 | D:3      | Reached XP level 6. HP: 49/53 MP: 5/5
  1825 | D:3      | Noticed Ijyb
  1831 | D:3      | Killed Ijyb
  2133 | D:4      | Noticed Evaline's ghost (amateur TeAE)
  2144 | D:4      | Killed Evaline's ghost
  2144 | D:4      | Reached skill level 6 in Axes
  2144 | D:4      | Reached skill level 5 in Shields
  2169 | D:4      | Got a steaming ring mail
  2185 | D:4      | Reached XP level 7. HP: 50/60 MP: 6/6
  2485 | D:5      | Entered Level 5 of the Dungeon
  2536 | D:5      | Reached skill level 5 in Fighting
  2745 | D:5      | Found a burning altar of Makhleb.
  2777 | D:5      | Reached skill level 7 in Axes
  3141 | D:5      | Reached skill level 8 in Axes
  3142 | D:5      | Reached XP level 8. HP: 68/68 MP: 7/7
  3247 | D:5      | Noticed Auri666's ghost (novice GrBe)
  3274 | D:5      | Killed Auri666's ghost
  3461 | D:6      | Reached skill level 1 in Stealth
  3464 | D:6      | Reached skill level 9 in Axes
  3468 | D:6      | Reached XP level 9. HP: 59/75 MP: 8/8
  3474 | D:6      | Reached skill level 10 in Axes
  3841 | D:6      | Found a staircase to the Ecumenical Temple.
  3960 | D:6      | Found an opulent altar of Gozag.
  4156 | D:6      | Found a deep blue altar of Sif Muna.
  4490 | D:7      | Found Wuywaf's Magic Scroll Shop.
  4958 | D:7      | Found a radiant altar of Vehumet.
  4973 | D:7      | Reached skill level 11 in Axes
  5369 | D:8      | Noticed Erica
  5377 | D:8      | Noticed DildoBatman's ghost (novice OpWz)
  5731 | D:8      | Reached XP level 10. HP: 31/88 MP: 9/9
  6018 | D:8      | Killed DildoBatman's ghost
  6018 | D:8      | Reached skill level 12 in Axes
  6293 | D:8      | Killed Erica
  6585 | D:8      | Found a white marble altar of Elyvilon.
  6854 | D:8      | You fall through a shaft for 3 floors!
  6854 | D:11     | Noticed Josephine
  6862 | D:11     | Killed Josephine
  6862 | D:11     | Reached skill level 13 in Axes
  6862 | D:11     | Reached skill level 10 in Armour
  6862 | D:11     | HP: 1/90 [wraith[Josephine] (6)]
  6863 | D:11     | Succumbed to Josephine's poison

Skill      XL: |  1  2  3  4  5  6  7  8  9 10 |
---------------+-------------------------------+-----
Armour         | 4 5 6 7 8 10 | 10.0
Fighting       | 4 5 6 7 8 |  8.5
Shields        | 4 5 6 7 |  7.1
Axes           | 3 4 5 6 8 9 11 13 | 13.0
Dodging        | 1 2 3 |  3.4
Stealth        | 1 |  1.8

Action                   |  1- 3 |  4- 6 |  7- 9 | 10-12 || total
-------------------------+-------+-------+-------+-------++-------
Melee: War axe           |    88 |   103 |   189 |       ||   380
       Headbutt          |    12 |    18 |    47 |     8 ||    85
       Battleaxe         |       |       |    72 |    34 ||   106
  Eat: Ration            |       |     2 |     2 |     1 ||     5
       Chunk             |       |       |     4 |       ||     4
Armor: Scale mail        |    34 |    19 |       |       ||    53
       Chain mail        |       |    28 |    32 |       ||    60
       Plate armour      |       |       |   112 |    33 ||   145
Dodge: Dodged            |    22 |    20 |    81 |    13 ||   136
Block: Shield            |    40 |    45 |    92 |       ||   177
